 Dungeon Crawl Stone Soup version 0.30-a0-715-gdb4ae3ece1 (webtiles) character file.

Game seed: 15744991854496059608

400 mopl the Chopper (level 6, -2/46 HPs)
             Began as a Demonspawn Gladiator on Jan 23, 2023.
             Slain by Pikel
             ... wielding a +1 whip of electrocution
              (6 damage)
             ... on level 3 of the Dungeon.
             The game lasted 00:03:28 (2319 turns).

mopl the Chopper (Demonspawn Gladiator)             Turns: 2319, Time: 00:03:28

Health: -2/46      AC:  8    Str: 20    XL:     6   Next: 54%
Magic:  6/6        EV: 11    Int: 14    God:
Gold:   174        SH:  0    Dex: 14    Spells: 5/5 levels left

rFire   . . .      SeeInvis .    a - +0 war axe
rCold   . . .      Faith    .    (no shield)
rNeg    . . .      Spirit   .    f - +0 ring mail
rPois   .          Reflect  .    (helmet restricted)
rElec   .          Harm     .    k - +0 cloak "Ozxerarch" {Str+3 Int+5}
rCorr   .          Rampage  .    (no gloves)
Will    .....                    (no boots)
Stlth   +                        (no amulet)
HPRegen 0.27/turn                (no ring)
MPRegen 0.10/turn                (no ring)

@: no status effects
A: antennae 1, rugged brown scales 2
a: no special abilities


You were on level 3 of the Dungeon.
You visited 1 branch of the dungeon, and saw 4 of its levels.

You collected 174 gold pieces.

Inventory:

Hand Weapons
 a - a +0 war axe (weapon)
Missiles
 d - 3 throwing nets (quivered)
 e - 6 javelins
 m - 6 poisoned darts
Armour
 c - a +0 helmet
 f - a +0 ring mail (worn)
 k - the +0 cloak "Ozxerarch" (worn) {Str+3 Int+5}
   (You found it on level 3 of the Dungeon)

   Str:       It affects your strength (+3).
   Int:       It affects your intelligence (+5).
Scrolls
 g - a scroll of amnesia {unknown}
 h - a scroll of enchant weapon {unknown}
 i - a scroll of vulnerability {unknown}
 l - 2 scrolls of teleportation {unknown}
 o - 3 scrolls of enchant armour {unknown}
 q - 2 scrolls of poison {unknown}
 r - a scroll of noise {unknown}
 t - 5 scrolls of identify {unknown}
Potions
 b - a potion of brilliance {unknown}
 j - 2 potions of flight {unknown}
 n - a potion of haste {unknown}
 p - a potion of degeneration {unknown}
 s - 2 potions of mutation {unknown}
 u - a potion of attraction {unknown}


   Skills:
 - Level 2.0 Fighting
 + Level 6.8 Axes
 - Level 1.7 Throwing
 - Level 2.6 Dodging


You had 5 spell levels left.
You didn't know any spells.
Your spell library contained the following spells:

 Spells                   Type           Power      Damage    Failure   Level
 Sandblast                Erth           0%         2d4       45%         1
 Passwall                 Tmut/Erth      0%         N/A       58%         2
 Stone Arrow              Conj/Erth      0%         3d7       83%         3


Dungeon Overview and Level Annotations

Branches:
Dungeon (4/15)
 Temple: D:4-7

Altars:
Cheibriados

Shops:
D:3 [

Annotations:
D:3 Pikel


Innate Abilities, Weirdness & Mutations

You have a pair of small antennae on your head.
You are mostly covered in rugged brown scales. (AC +2, +5% HP)


Message History

No target in view!
No target in view!
You start resting.
HP restored.
You climb downwards.
Level annotation: Pikel The lemure hits you.
The lemure hits you!
There is a stone staircase leading up, spattered with blood here.
Unknown command.
Pikel barely misses you. The lemure hits you.
You climb upwards.
There is a stone staircase leading down here.
You hit the lemure.
The lemure is moderately wounded.
You barely miss Pikel. The lemure completely misses you.
Pikel hits you but does no damage.
You hit Pikel.
Pikel is lightly wounded.
You closely miss the lemure. The lemure hits you.
Pikel hits you with a +1 whip of electrocution.
You slash Pikel! You punch Pikel, but do no damage.
Pikel is moderately wounded.
You hit the lemure. The lemure closely misses you. Pikel barely misses you.
You hit Pikel.
Pikel is moderately wounded.
You hit the lemure. The lemure barely misses you.
Pikel hits you with a +1 whip of electrocution.
You closely miss Pikel.
Pikel is moderately wounded.
You barely miss the lemure. The lemure hits you but does no damage.
Pikel hits you with a +1 whip of electrocution!
* * * LOW HITPOINT WARNING * * *
The lemure misses you.
Pikel hits you with a +1 whip of electrocution.
* * * LOW HITPOINT WARNING * * *
You closely miss Pikel.
Pikel is moderately wounded.
You closely miss the lemure. The lemure barely misses you.
Pikel hits you with a +1 whip of electrocution.
You die...

....≈§§≈≈≈≈.≈...#'#.#..#.###.†.##
....≈.§.....≈.#.#)###.#..#.###...
....≈§≈≈≈≈≈≈≈.#.#†..###.#..#.###.
..............#.##....###.#..#.#'
#########.#...#.#..#....###.#..#.
#...#.#.#.##.##...###.#..
#...#.#.#.#..#..#)..###..
#######...#.#)############# ###
#.<...'...#..K@5.##############
#.#####...#..)........)........
#.# #...'......############## #.#
#...#......# #.# ###.#......# #.#
#.#......########## #.#
#.....#'##........#
#.#############.##........#####
#...............##........†....


You could see Pikel and a lemure.

Vanquished Creatures
  A lemure (D:3)
  A phantom (D:4)
  A necrophage (D:3)
  2 iguanas
  Robin (D:3)
  4 gnolls
  7 adders
  4 worms
  A dart slug (D:2)
  An orc (D:3)
  5 ball pythons
  4 endoplasms
  6 giant cockroaches
  10 hobgoblins
  A jackal (D:3)
  4 quokkas
  9 bats
  A frilled lizard (D:1)
  18 goblins
  3 kobolds
  9 rats
93 creatures vanquished.

Notes
Turn   | Place    | Note
-------+----------+-------------------------------------------
     0 | D:1      | mopl the Demonspawn Gladiator began the quest for the Orb.
     0 | D:1      | Reached XP level 1. HP: 16/16 MP: 1/1
    74 | D:1      | Reached skill level 3 in Axes
   173 | D:1      | Gained mutation: You are partially covered in rugged brown
                  | scales. (AC +1, +3% HP) [demonic ancestry]
   173 | D:1      | Reached XP level 2. HP: 15/22 MP: 2/2
   493 | D:2      | Reached XP level 3. HP: 10/27 MP: 3/3
   625 | D:2      | Reached skill level 4 in Axes
   888 | D:2      | Gained mutation: You have a pair of small antennae on your
                  | head. [demonic ancestry]
   888 | D:2      | Reached XP level 4. HP: 24/33 MP: 4/4
  1060 | D:3      | Found Fiyf's Antique Armour Boutique.
  1102 | D:3      | Found a snail-covered altar of Cheibriados.
  1371 | D:3      | Reached skill level 5 in Axes
  1371 | D:3      | Noticed a necrophage
  1372 | D:3      | Noticed Robin
  1383 | D:3      | HP: 1/30 [goblin/+0 dagger of venom[Robin] (2)]
  1393 | D:3      | Killed a necrophage
  1394 | D:3      | Gained mutation: You are mostly covered in rugged brown
                  | scales. (AC +2, +5% HP) [demonic ancestry]
  1394 | D:3      | Reached XP level 5. HP: 10/39 MP: 5/5
  1394 | D:3      | Killed Robin
  1526 | D:3      | Identified the +0 cloak "Ozxerarch" {Str+3 Int+5}
  1854 | D:3      | Reached skill level 6 in Axes
  1875 | D:3      | Reached XP level 6. HP: 11/46 MP: 6/6
  2257 | D:4      | Noticed Pikel
  2319 | D:3      | Slain by Pikel

Illustrated notes

Levels and vault maps discovered:
D:1:      dpeg_arrival_tiny_d, layout_rooms
D:2:      layout_rooms, serial_glass, glass_columns_c, glass_columns_a,
          glass_columns_b, glass_columns_a, glass_columns_b
D:3:      minmay_razor_zed, layout_basic,
          mainiacjoe_overflow_concentric_impassable, serial_shops,
          nicolae_shop_waterfront, uniq_robin
D:4:      layout_rooms, uniq_pikel

Skill      XL: |  1  2  3  4  5 |
---------------+----------------+-----
Axes           | 3 4 5 6 |  6.8
Fighting       | |  2.0
Throwing       | |  1.7
Dodging        | |  2.6

Action                     |  1- 3 |  4- 6 || total
---------------------------+-------+-------++-------
  Melee: War axe           |    99 |   168 ||   267
         Punch             |       |     1 ||     1
    Use: Potion            |       |     3 ||     3
 Armour: Ring mail         |    59 |    76 ||   135
         Leather armour    |     1 |       ||     1
  Dodge: Dodged            |    66 |   141 ||   207

Table legend: (Time is in decaauts)
 A = Elapsed time spent in this place.
 B = Non-inter-level travel time spent in this place.
 C = Inter-level travel time spent in this place.
 D = Time resting spent in this place.
 E = Time spent auto-exploring this place.
 F = Levels seen in this place.
 G = Mean time per level.
                   A        B        C        D        E       F      G
               +--------+--------+--------+--------+--------+-----+--------+
         Total |   2391 |   2322 |     69 |    546 |   1155 |   4 |  597.8 |
       Dungeon |   2391 |   2322 |     69 |    546 |   1155 |   4 |  597.8 |
               +--------+--------+--------+--------+--------+-----+--------+

Top non-repeatable levels by time:
     D:3: 1254 daAuts
     D:2: 574 daAuts
     D:1: 405 daAuts
     D:4: 157 daAuts
